[Event "XVI Open Internacional Villa de Ibi"]
[Site "Ibi, Spain"]
[Date "2018.09.09"]
[Round "8.6"]
[White "Ibanez Aullana, Ramon"]
[Black "Diaz Velandia, Jose Manuel"]
[Result "0-1"]
[TimeControl "15' + 2'' por jugada"]
[WhiteElo "2301"]
[BlackElo "2368"]

1. e4 c6 2. d4 d5 3. e5 c5 4.
dxc5 Nc6 5. Nf3 Bg4 6.
h3 Bxf3 7. Qxf3 e6 8. Bb5 Bxc5 9. O-O Nge7 10. Be3 Qb6 11.
Bxc6+ Nxc6 12. Qg3 Bxe3 13. Qxg7 O-O-O 14. fxe3 Qxe3+ 15. Kh1 Nxe5 16. Nc3 Rhg8 17. Qf6 Rg6 18. Qe7 Rh6 19. Rxf7 Nxf7 20. Qxf7 a6 21. Rf1 Rg6 22. Rf3 Qe1+ 23.
Kh2 Rdg8 24. Rf2 Rg3 25. Ne2 Rxg2+ 26. Rxg2 Rxg2+ 27. Kxg2 Qxe2+ 28. Kg3 Qe5+ 29. Kg4 Qe4+ 30.
Kh5 Kb8 31. Kh6 Qh4+ 32. Kg7 Qxh3 33. Qf8+ Kc7 34. Qf7+ Kb6 35. Kf8 Qf5 0-1

[Event "XVI Open Internacional Villa de Ibi"]
[Site "Ibi, Spain"]
[Date "2018.09.09"]
[Round "8.7"]
[White "Camarena Gimenez, Rufino"]
[Black "Sanleon Pravisano, Nieves"]
[Result "1-0"]
[TimeControl "15' + 2'' por jugada"]
[WhiteElo "2339"]
[BlackElo "1927"]

1. d4 d5 2. c4 dxc4 3.
Nf3 Nf6 4. e3 e6 5. Bxc4 c5 6.
O-O a6 7. a4 Nc6 8. Nc3 Bd6 9. Qe2 Qe7 10. Rd1 O-O 11.
h3 b6 12. dxc5 Bxc5 13. e4 h6 14. e5 Nd7 15. Qe4 Bb7 16. Bd3 f5 17. exf6 Nxf6 18. Qh4 Nb4 19. Bg6 Nbd5 20. Qg3 Nxc3 21.
bxc3 Nd5 22. Bd2 Bd6 23. Ne5 Qc7 24.
f4 Bxe5 25. fxe5 Ne7 26. Rf1 Rad8 27. Rxf8+ Rxf8 28. Re1 Kh8 29. Bb1 Nf5 30. Qf2 Qc5 31. Qxc5 bxc5 32. Rf1 Kg8 33. Be1 Ne3 34.
Bh7+ Kxh7 35. Rxf8 Bc6 36. a5 Nd5 37. c4 Ne3 38. Rc8 Bxg2 39. Bf2 Bb7 40. Rc7 1-0